 Adventure DCSS version bcrawl-1.27.3 (webtiles) character file.

Game seed: 17103437838936500712

350915 galech the Carver (level 12, -3/95 HPs)
             Began as a Demonspawn Fighter on Aug 3, 2020.
             Was the Champion of Okawaru.
             Slain by a yak (7 damage)
             ... on level 6 of the Lair of Beasts.
             The game lasted 00:32:17 (16006 turns).

galech the Carver (Demonspawn Fighter)             Turns: 16006, Time: 00:32:18

Health: -3/95      AC: 23    Str: 17    XL:     12   Next: 60%
Magic:  23/23      EV:  7    Int: 15    God:    Okawaru [******]
Gold:   542        SH: 17    Dex: 17    Spells: 11/11 levels left
                                        Lives:  0   Deaths: 2

rFire    + . .     SeeInvis .   r - +7 Singing Sword {slice}
rCold    . . .     Gourm    .   c - +1 medium shield
rNeg     . . .     Faith    .   j - +2 chain mail {rF+}
rPois    .         Spirit   .   s - +3 hat of Pondering {ponderous, MR+ MP+10 Int+5}
rElec    +         Reflect  .   k - scarf {repulsion}
rCorr    +         Harm     .   B - +0 pair of gloves
MR       +....                  d - +2 pair of boots
Stlth    ++........             F - amulet of rage
HPRegen  0.25/turn              L - ring of insulation
MPRegen  0.18/turn              D - ring of resist corrosion

@: singing, very slightly contaminated, invisible (expiring), repel missiles,
slow
A: hooves 2, slimy green scales 2, spiny 2
a: Heroism, Finesse, Renounce Religion, Evoke Berserk Rage


You were on level 6 of the Lair of Beasts.
You worshipped Okawaru.
Okawaru was exalted by your worship.
You were not hungry.

You visited 3 branches of the dungeon, and saw 18 of its levels.

You collected 1075 gold pieces.
You spent 533 gold pieces at shops.

Inventory:

Hand Weapons
 r - the +7 Singing Sword (weapon) {slice}
   (You found it on level 4 of the Dungeon)

   It will always inflict at least some extra damage.
   This minimum extra damage increases with your current reserve of magical
   power.
 Q - a +2 hand axe of flaming
 R - a +3 broad axe of electrocution
Missiles
 W - 5 throwing nets {=f}
Armour
 c - a +1 medium shield (worn)
 d - a +2 pair of boots (worn)
 j - a +2 chain mail of fire resistance (worn)
 k - a scarf of repulsion (worn)
 s - the +3 hat of Pondering (worn) {ponderous, MR+ MP+10 Int+5}
   (You bought it in a shop on level 7 of the Dungeon)

   It affects your intelligence (+5).
   It affects your resistance to hostile enchantments.
   It affects your magic capacity (+10).
 y - a +1 leather armour of positive energy
 B - a +0 pair of gloves (worn)
Jewellery
 a - an uncursed ring of positive energy
 p - an uncursed ring of stealth
 t - an uncursed ring of stealth
 x - an uncursed ring of magical power
 D - a ring of resist corrosion (right hand)
 F - an amulet of rage (around neck)
 L - a ring of insulation (left hand)
 O - an uncursed ring of ice
Wands
 n - a wand of paralysis (8)
 q - a wand of flame (24)
 z - a wand of polymorph (31)
 N - a wand of scattershot (6)
Scrolls
 b - a scroll of identify
 h - 5 scrolls of magic mapping
 l - 2 scrolls of enchant armour
 u - 5 scrolls of remove curse
 v - 5 scrolls of amnesia
 w - 4 scrolls of enchant weapon
 A - 2 scrolls of fog
 H - a scroll of vulnerability
 I - 2 scrolls of immolation
 J - a scroll of silence
 P - a scroll of blinking
 U - 2 scrolls of summoning
Potions
 f - 3 potions of degeneration
 g - 3 potions of flight
 i - 3 potions of curing
 m - 4 potions of heal wounds
 o - a potion of lignification
 C - 5 potions of brilliance
 E - a potion of cancellation
 M - 2 potions of berserk rage {unknown}
 S - a potion of might
 T - a potion of haste {unknown}
Comestibles
 e - 27 rations {!d}


   Skills:
 + Level 9.0 Fighting
 + Level 12.2 Long Blades
 + Level 6.3 Axes
 + Level 8.6 Armour
 + Level 5.2 Dodging
 + Level 10.5 Stealth
 + Level 10.5 Shields
 + Level 1.1 Unarmed Combat
 + Level 2.3 Invocations


You had 11 spell levels left.
You didn't know any spells.
Your spell library contained the following spells:

 Spells                   Type           Power        Failure   Level  Hunger
 Beastly Appendage        Tmut           #.....       100%        1    None
 Flame Tongue             Conj/Fire      #....        100%        1    None
 Slow                     Hex            #.......     100%        1    None
 Summon Small Mammal      Summ           #...         100%        1    None
 Call Imp                 Summ           #.....       100%        2    ####...
 Ensorcelled Hibernation  Hex/Ice        #.....       100%        2    ####...
 Flaming Arrows           Chrm/Fire      #.......     100%        2    ####...
 Passwall                 Tmut/Erth      #.......     100%        2    ####...
 Sticks to Snakes         Tmut           #.......     100%        2    ####...
 Call Canine Familiar     Summ           #.......     100%        3    #####..
 Conjure Flame            Conj/Fire      #.......     100%        3    #####..
 Inner Flame              Hex/Fire       N/A          100%        3    #####..
 Spider Form              Tmut/Pois      #..          100%        3    #####..
 Fulminant Prism          Conj/Hex       #.........   100%        4    ######.
 Ice Form                 Ice/Tmut       #.......     100%        4    ######.
 Sticky Flame             Conj/Fire      #.......     100%        4    ######.
 Summon Ice Beast         Ice/Summ       #.......     100%        4    ######.
 Tree Form                Hex/Tmut       N/A          100%        4    ######.
 Blade Hands              Tmut           #.........   100%        5    #######
 Fireball                 Conj/Fire      #.........   100%        5    #######
 Iskenderun's Battlesphe  Conj/Chrm      #.......     100%        5    #######
 Summon Lightning Spire   Summ/Air       #.......     100%        5    #######
 Darkness                 Hex            #.........   100%        6    #######
 Invisibility             Hex            #.......     100%        6    #######
 Iron Shot                Conj/Erth      #.........   100%        6    #######
 Poison Arrow             Conj/Pois      #.........   100%        6    #######
 Orb of Destruction       Conj           #.........   100%        7    #######
 Spellforged Servitor     Conj/Summ      #.........   100%        7    #######


Dungeon Overview and Level Annotations

Branches:
Dungeon (11/12)            Temple (1/1) D:6            Lair (6/6) D:9
 Shoals (0/3) Lair:3        Snake (0/3) Lair:4        Slime (0/5) Lair:5
    Orc: D:8-11      Vaults: D:11-12

Altars:
Cheibriados
Elyvilon
Hepliaklqana
Kikubaaqudgha
Okawaru
Qazlal
Ru
Sif Muna
Trog
Uskayaw
Vehumet
Wu Jian
Xom
Yredelemnul
Zin
Jiyva

Shops:
D:5 (


Innate Abilities, Weirdness & Mutations

You have hoof-like feet.
You are mostly covered in slimy green scales. (AC +3)
You are mostly covered in sharp spines.


Message History

You catch the helpless death yak completely off-guard!
You hit the death yak.
Ssssck.
The death yak is severely wounded.
The death yak gores you!
* * * LOW HITPOINT WARNING * * *
The yak closely misses you.
You slice the death yak!!
You kill the death yak!
Okawaru is honoured by your kill. The yak is struck by your spines.
The yak gores you!
* * * LOW HITPOINT WARNING * * *
The yak gores you but does no damage.
The yak bellows!
The komodo dragon hisses angrily.
You catch the helpless yak completely off-guard!
You slice the yak!!
You kill the yak!
Okawaru accepts your kill.
Your Fighting skill increases to level 9!
The yak is struck by your spines. The yak gores you!
You die...

#...# ...# #. #......##...###l
....# #..###. #.......##.## #F
..#####..##.######^......#######†
#.P.#....#.#.P##.##.......##P..#.
.................................
.........................†.......
.................†.......<.......
...............YY†l..............
P.P.P.....##.P.Y@##......#...#...
.P..#.....####...###....###.####P
..###......#P...###....####.#
...##.............#....# #÷.#
............+.....#...###....+
#...#......#.....+.+... ##...P#
...........###...###. ##P###
.#........## ##. ### P...#.....#


You could see a komodo dragon (wandering) and 3 yaks.

Vanquished Creatures
  Gastronok (D:7)
  Snorg (D:10)
  Urug (Lair:6)
  Harold (Lair:5)
  3 hydras
  A centaur warrior (D:11)
  A catoblepas (D:11)
  Psyche (D:8)
  An ogre mage (D:9)
  14 death yaks
  2 cyclopes
  A necromancer (Lair:2)
  An oklob plant (Lair:4)
  A merfolk siren (Lair:3)
  2 gargoyles
  6 elephants
  5 black mambas
  7 cane toads
  7 komodo dragons
  A kobold demonologist (D:9)
  A rime drake (Lair:4)
  2 trolls
  2 polar bears
  Prince Ribbit (D:6)
  6 slime creatures (D:11)
  4 dream sheep (Lair:6)
  7 hippogriffs
  28 blink frogs
  4 wyverns
  14 yaks
  A human (D:7)
  A basilisk (D:9)
  4 hogs (D:7)
  Eustachio (D:5)
  Menkaure (D:4)
  An acid dragon (D:9)
  Edmund (D:4)
  11 crocodiles
  10 water moccasins
  8 porcupines
  2 black bears
  8 orc warriors
  4 sky beasts
  A phantom (D:5)
  5 centaurs
  4 wolves (Lair:1)
  7 ogres
  3 bullfrogs
  9 big kobolds
  A wyvern skeleton (D:6)
  7 scorpions
  5 wights
  A crimson imp (D:6)
  A bullfrog zombie (D:8)
  6 hounds
  8 orc wizards
  A bullfrog skeleton (D:7)
  7 orc priests
  3 centaur skeletons
  Ijyb (D:5)
  6 worker ants
  3 yak simulacra (Lair:2)
  2 polar bear simulacra (Lair:2)
  4 wolf simulacra (Lair:2)
  A hound zombie (D:9)
  7 gnolls
  12 adders
  4 shadow imps
  An ooze (D:2)
  An adder zombie (D:6)
  3 worms (D:3)
  3 dart slugs
  5 leopard geckos
  50 orcs
  10 bats
  12 giant cockroaches
  4 goblins
  9 hobgoblins
  12 jackals
  2 quokkas
  3 frilled lizards
  A jackal skeleton (D:3)
  25 kobolds
  8 kobold skeletons (D:9)
  10 kobold zombies (D:9)
  A quokka skeleton (D:4)
  8 rats
  2 river rat simulacra (Lair:2)
  4 fungi (D:4)
463 creatures vanquished.

Vanquished Creatures (others)
  A two-headed ogre (D:10)
  A centaur (D:11)
  A big kobold (D:9)
  A bullfrog (D:10)
  A crimson imp (D:10)
  2 orcs (D:10)
  A jackal (D:8)
  2 kobolds
  A bush (Lair:5)
  10 fungi
  A plant (Lair:6)
22 creatures vanquished.

Grand Total: 485 creatures vanquished

Notes
Turn   | Place    | Note
-------+----------+-------------------------------------------
     0 | D:1      | galech the Demonspawn Fighter began the quest for the Orb.
     0 | D:1      | Reached XP level 1. HP: 18/18 MP: 1/1
   251 | D:1      | Gained mutation: You have large cloven feet. [demonic
                  | ancestry]
   251 | D:1      | Reached XP level 2. HP: 24/24 MP: 2/2
   870 | D:1      | Reached XP level 3. HP: 29/29 MP: 3/3
   997 | D:2      | Found a glowing silver altar of Zin.
  1740 | D:3      | Reached XP level 4. HP: 22/35 MP: 4/4
  2261 | D:3      | Noticed an orc warrior
  2458 | D:4      | Found a bloodstained altar of Trog.
  2503 | D:4      | Found a basalt altar of Yredelemnul.
  2516 | D:4      | Gained mutation: You are partially covered in sharp spines.
                  | [demonic ancestry]
  2516 | D:4      | Reached XP level 5. HP: 25/41 MP: 5/5
  2695 | D:4      | Noticed Edmund
  2706 | D:4      | Killed Edmund
  2706 | D:4      | Reached skill level 1 in Dodging
  2837 | D:4      | Noticed an ogre
  2838 | D:4      | Noticed Menkaure
  2842 | D:4      | Killed an ogre
  2842 | D:4      | Reached XP level 6. HP: 25/47 MP: 6/6
  2844 | D:4      | Killed Menkaure
  2973 | D:4      | Noticed a sky beast
  2984 | D:4      | Killed a sky beast
  2984 | D:4      | Gained mutation: You are mostly covered in sharp spines.
                  | [demonic ancestry]
  2984 | D:4      | Reached XP level 7. HP: 48/53 MP: 7/7
  3038 | D:4      | Found a white marble altar of Elyvilon.
  3421 | D:4      | Reached skill level 5 in Shields
  3451 | D:4      | Found the +7 Singing Sword {slice}
  3576 | D:4      | Reached skill level 5 in Axes
  3778 | D:3      | Gained mutation: You have hoof-like feet. [demonic
                  | ancestry]
  3778 | D:3      | Reached XP level 8. HP: 41/60 MP: 8/8
  3847 | D:3      | Found a shimmering altar of Xom.
  4289 | D:5      | Entered Level 5 of the Dungeon
  4311 | D:5      | Reached skill level 1 in Long Blades
  4311 | D:5      | Reached skill level 1 in Stealth
  4337 | D:5      | Found Ugricouck's Weapon Boutique.
  4349 | D:5      | Noticed Ijyb
  4361 | D:5      | Killed Ijyb
  4430 | D:5      | Noticed Eustachio
  4439 | D:5      | Killed Eustachio
  4440 | D:5      | Reached skill level 2 in Long Blades
  4713 | D:5      | Reached skill level 1 in Unarmed Combat
  4916 | D:5      | Found a hazy altar of Hepliaklqana.
  5065 | D:6      | Found a staircase to the Ecumenical Temple.
  5095 | Temple   | Entered the Ecumenical Temple
  5109 | Temple   | Became a worshipper of Warmaster Okawaru
  5168 | D:6      | Reached skill level 3 in Long Blades
  5387 | D:6      | Identified Sif Muna's Guide on Malediction
  5458 | D:6      | Noticed Prince Ribbit
  5465 | D:6      | Killed Prince Ribbit
  5465 | D:6      | Reached skill level 5 in Armour
  5465 | D:6      | Reached XP level 9. HP: 40/66 MP: 9/9
  5676 | D:6      | Reached skill level 4 in Long Blades
  5836 | D:7      | Found Cheibriados's Comfort Zone.
  5845 | D:7      | Found a snail-covered altar of Cheibriados.
  5882 | D:7      | Reached * piety under Okawaru
  5892 | D:7      | Reached skill level 5 in Long Blades
  5895 | D:7      | Reached skill level 5 in Fighting
  5967 | D:7      | Reached ** piety under Okawaru
  6364 | D:8      | Reached skill level 6 in Long Blades
  6367 | D:8      | Noticed Psyche
  6373 | D:8      | Noticed Gastronok
  6378 | D:8      | Killed Psyche
  6378 | D:8      | Reached *** piety under Okawaru
  6378 | D:8      | Reached XP level 10. HP: 62/74 MP: 10/10
  6392 | D:8      | HP: 2/74 [bullfrog zombie (8)]
  6570 | D:7      | Killed Gastronok
  6570 | D:7      | Reached **** piety under Okawaru
  6570 | D:7      | Reached ***** piety under Okawaru
  6570 | D:7      | Reached skill level 8 in Long Blades
  6570 | D:7      | Reached skill level 1 in Invocations
  6570 | D:7      | Reached XP level 11. HP: 14/81 MP: 11/11
  6692 | D:8      | Found a hide-covered altar of Uskayaw.
  6923 | D:8      | Found a snail-covered altar of Cheibriados.
  6924 | D:8      | Found a shimmering blue altar of Sif Muna.
  7451 | D:9      | Found a staircase to the Lair.
  7464 | D:9      | Reached skill level 5 in Stealth
  7523 | D:9      | Reached skill level 9 in Long Blades
  7892 | D:9      | Found a sacrificial altar of Ru.
  8007 | D:9      | Noticed an ogre mage
  8020 | D:9      | Killed an ogre mage
  8020 | D:9      | Received a gift from Okawaru
  8328 | D:9      | Found an ancient bone altar of Kikubaaqudgha.
  8592 | D:9      | Found an ornate altar of the Wu Jian Council.
  8711 | D:10     | Entered Level 10 of the Dungeon
  8711 | D:10     | Noticed Snorg
  8718 | D:10     | Killed Snorg
  8720 | D:10     | Noticed a catoblepas
  8722 | D:10     | Noticed a cyclops
  8728 | D:10     | Noticed a two-headed ogre
  8738 | D:10     | Killed a two-headed ogre
  8742 | D:10     | Noticed a cyclops
  8929 | D:11     | Noticed a centaur warrior
  8935 | D:11     | Killed a centaur warrior
  8946 | D:11     | Received a gift from Okawaru
  8989 | D:11     | Reached skill level 10 in Long Blades
  8996 | D:11     | Gained mutation: You are partially covered in slimy green
                  | scales. (AC +2) [demonic ancestry]
  8996 | D:11     | Reached XP level 12. HP: 18/91 MP: 13/13
  9177 | D:11     | Killed a catoblepas
  9357 | D:10     | Reached ****** piety under Okawaru
  9530 | Lair:1   | Entered Level 1 of the Lair of Beasts
  9787 | D:7      | Bought the +3 hat of Pondering {ponderous, MR+ MP+10 Int+5}
                  | for 533 gold pieces
  9787 | D:7      | Found the +3 hat of Pondering {ponderous, MR+ MP+10 Int+5}
  9983 | Lair:1   | Received a gift from Okawaru
 10638 | Lair:2   | Noticed a seven-headed hydra
 10652 | Lair:2   | Killed a one-headed hydra
 10652 | Lair:2   | Reached skill level 11 in Long Blades
 11124 | Lair:2   | Received a gift from Okawaru
 11911 | Lair:3   | Gained mutation: You are mostly covered in slimy green
                  | scales. (AC +3) [demonic ancestry]
 11911 | Lair:3   | Reached XP level 13. HP: 96/98 MP: 14/14
 12111 | Lair:3   | Reached skill level 5 in Dodging
 12316 | Lair:3   | Found a staircase to the Shoals.
 13204 | Lair:4   | Found a staircase to the Snake Pit.
 13727 | Lair:5   | Noticed Harold
 13739 | Lair:5   | Killed Harold
 13773 | Lair:5   | Received a gift from Okawaru
 14664 | Lair:5   | Reached skill level 10 in Shields
 14953 | Lair:5   | HP: 3/99 [death yak (8)]
 14965 | Lair:5   | HP: 2/99 [death yak (5)]
 14973 | Lair:5   | Demolished by a death yak
 14974 | Lair:5   | Reached XP level 12. HP: -16/94 MP: 23/23
 14982 | Lair:5   | Killed a death yak
 14986 | Lair:5   | Killed a death yak
 15058 | Lair:5   | Found a viscous altar of Jiyva.
 15060 | Lair:5   | Found a staircase to the Slime Pits.
 15076 | Lair:5   | Received a gift from Okawaru
 15419 | Lair:6   | Entered Level 6 of the Lair of Beasts
 15423 | Lair:6   | Noticed a five-headed hydra
 15450 | Lair:5   | Reached skill level 10 in Stealth
 15452 | Lair:5   | Killed a two-headed hydra
 15461 | Lair:6   | Reached XP level 13. HP: 77/99 MP: 14/14
 15488 | Lair:6   | Reached skill level 12 in Long Blades
 15618 | Lair:6   | Found a radiant altar of Vehumet.
 15702 | Lair:6   | HP: 2/99 [blink frog (8)]
 15705 | Lair:6   | Mangled by a blink frog
 15706 | Lair:6   | Reached XP level 12. HP: -10/94 MP: 23/23
 15759 | Lair:6   | Noticed Urug
 15764 | Lair:6   | Killed Urug
 15971 | Lair:6   | Noticed a death yak
 15977 | Lair:6   | Noticed a death yak
 15979 | Lair:6   | Noticed a death yak
 15982 | Lair:6   | Killed a death yak
 15982 | Lair:6   | Noticed a death yak
 15988 | Lair:6   | Killed a death yak
 15992 | Lair:6   | Killed a death yak
 16005 | Lair:6   | Killed a death yak
 16005 | Lair:6   | HP: 3/94 [yak (9)]
 16006 | Lair:6   | Slain by a yak

Skill      XL: |  1  2  3  4  5  6  7  8  9 10 11 12 13 |
---------------+----------------------------------------+-----
Shields        | 3 4 5 6 7 8 9 10 | 10.5
Armour         | 3 4 5 6 7 8 |  8.6
Axes           | 2 3 4 5 6 |  6.3
Dodging        | 1 2 3 4 5 |  5.2
Fighting       | 4 5 6 7 9 |  9.0
Long Blades    | 3 6 8 10 11 12 | 12.2
Stealth        | 2 4 6 10 9 | 10.5
Unarmed Combat | 1 |  1.1
Invocations    | 1 2 |  2.3

Action                   |  1- 3 |  4- 6 |  7- 9 | 10-12 | 13-15 || total
-------------------------+-------+-------+-------+-------+-------++-------
Melee: War axe           |    96 |    27 |    43 |       |       ||   166
       Kick              |    37 |    31 |    27 |       |       ||    95
       Hand axe          |   101 |   106 |       |    16 |    11 ||   234
       Double sword      |       |       |   158 |   513 |   214 ||   885
       Unarmed           |       |       |    20 |       |       ||    20
Invok: Heroism           |       |       |     1 |    11 |     6 ||    18
  Use: Scroll            |     5 |     2 |       |    17 |     1 ||    25
       Potion            |       |     1 |       |       |       ||     1
 Stab: Invisible         |       |       |    23 |   118 |    59 ||   200
       Petrified         |       |       |       |     1 |       ||     1
  Eat: Chunk             |    10 |     8 |    15 |    24 |    11 ||    68
       Ration            |       |       |     1 |     2 |     1 ||     4
Armor: Scale mail        |   126 |    72 |    71 |    20 |       ||   289
       Skin              |       |       |     1 |       |       ||     1
       Chain mail        |       |       |       |   200 |   130 ||   330
Dodge: Dodged            |    39 |    23 |    84 |   208 |   100 ||   454
Block: Medium shield     |   143 |    80 |   138 |   563 |   283 ||  1207
